 Dungeon Crawl Stone Soup version 0.21-a0-509-gecc5317 (console) character file.

2953779 hexaflexagon the Corrupter of Planes (level 27, 242/242 HPs)
             Began as a Formicid Abyssal Knight on Nov 29, 2017.
             Was the Champion of Lugonu.
             Escaped with the Orb
             ... and 5 runes on Nov 30, 2017!
             The game lasted 04:02:42 (80503 turns).

hexaflexagon the Corrupter of Planes (FoAK)        Turns: 80503, Time: 04:02:42

Health: 242/242    AC: 48    Str: 36      XL:     27
Magic:  40/40      EV: 18    Int: 15 (16) God:    Lugonu [******]
Gold:   1868       SH: 25    Dex: 16      Spells: 26/26 levels left

rFire    + + +     SeeInvis +   f - +9 battleaxe (freeze)
rCold    + . .     Gourm    .   x - +1 large shield {rN+}
rNeg     + . .     Faith    .   b - +15 Maxwell's patent armour {-Cast -Tele rElec MR+ rCorr}
rPois    +         Spirit   .   (helmet unavailable)
rElec    +         Reflect  .   T - +2 cloak {MR+}
rCorr    +         Harm     .   X - +2 pair of gloves {Dex+3}
MR       +++++     NoCast   +   k - +0 pair of boots
Stlth    ..........             C - necklace of Bloodlust {*Rage +Rage MR++ Int-3 Slay+6 *Curse}
HPRegen  0.50/turn              l - ring "Eheapsod" {-Tele rPois rF++ rC+ Int+4}
MPRegen  0.27/turn              i - ring "Gohaskups" {-Tele *Slow rF+ MR+++ Str+8}

@: no status effects
A: permanent stasis, dig shafts and tunnels, four strong arms, antennae 3, claws
1, talons 1, icy blue scales 1, molten scales 1, blurry vision 1, clever 1,
strong 1
0: Orb of Zot
}: 5/15 runes: barnacled, slimy, silver, abyssal, gossamer
a: Dig, Shaft Self, Depart the Abyss, Bend Space, Banish, Corrupt, Enter the
Abyss, Renounce Religion


You escaped.
You worshipped Lugonu.
Lugonu was exalted by your worship.
You were not hungry.

You visited 11 branches of the dungeon, and saw 57 of its levels.
You visited the Abyss 3 times.
You visited 1 bazaar.
You also visited: Labyrinth and Ice Cave.

You collected 10941 gold pieces.
You spent 9073 gold pieces at shops.

Inventory:

Hand Weapons
 a - a +9 vampiric battleaxe
 d - a +9 battleaxe of distortion
 f - a +9 battleaxe of freezing (weapon)
Armour
 b - the +15 Maxwell's patent armour (worn) {-Cast -Tele rElec MR+ rCorr}
   (You bought it in a shop on level 2 of the Vaults)

   It insulates you from electricity.
   It affects your resistance to hostile enchantments.
   It prevents spellcasting.
   It prevents most forms of teleportation.
   It protects you from acid and corrosion.
 k - a +0 pair of boots (worn)
 x - a +1 large shield of positive energy (worn)
 K - a scarf of resistance
 T - a +2 cloak of magic resistance (worn)
 X - a +2 pair of gloves of dexterity (worn)
Jewellery
 h - the ring of the Well-Known Realms {rPois rN++ Int+2 Dex-4}
   (You found it on level 3 of the Elven Halls)

   [ring of poison resistance]

   It affects your intelligence (+2).
   It affects your dexterity (-4).
   It protects you from poison.
   It greatly protects you from negative energy.
 i - the ring "Gohaskups" (right hand) {-Tele *Slow rF+ MR+++ Str+8}
   (You bought it in a shop in a bazaar)

   [ring of protection from fire]

   It affects your strength (+8).
   It protects you from fire.
   It affects your resistance to hostile enchantments.
   It prevents most forms of teleportation.
   It may slow you when you take damage.
 l - the ring "Eheapsod" (left hand) {-Tele rPois rF++ rC+ Int+4}
   (You bought it in a shop in a bazaar)

   [ring of protection from cold]

   It affects your intelligence (+4).
   It greatly protects you from fire.
   It protects you from cold.
   It protects you from poison.
   It prevents most forms of teleportation.
 C - the necklace of Bloodlust (around neck) {*Rage +Rage MR++ Int-3 Slay+6 *Curse}
   (You found it on level 5 of the Pits of Slime)

   [amulet of rage]

   It affects your intelligence (-3).
   It affects your accuracy and damage with ranged weapons and melee attacks
   (+6).
   It affects your resistance to hostile enchantments.
   It lets you go berserk.
   It may make you go berserk in combat.
   It curses itself when equipped.
 Z - the ring of Satyriasis {+Fly MP+9 EV+5 Int+4 Dex-2}
   (You found it on level 4 of the Lair of Beasts)

   [ring of evasion]

   It affects your evasion (+5).
   It affects your intelligence (+4).
   It affects your dexterity (-2).
   It affects your magic capacity (+9).
   It lets you fly.
Wands
 j - a wand of scattershot (7)
 n - a wand of enslavement (17)
 E - a wand of acid (63)
 I - a wand of digging (24)
 Q - a wand of disintegration (35)
 U - a wand of paralysis (41)
 V - a wand of iceblast (62)
Scrolls
 c - 3 scrolls of magic mapping
 q - 7 scrolls of fear
 r - 5 scrolls of vulnerability
 s - 4 scrolls of enchant armour
 y - 13 scrolls of remove curse
 z - 3 scrolls of summoning
 G - 3 scrolls of holy word
 J - 13 scrolls of fog
 P - 21 scrolls of identify
 R - 10 scrolls of immolation
Potions
 e - 3 potions of invisibility
 m - 7 potions of lignification
 p - 4 potions of mutation
 u - 10 potions of heal wounds
 A - 5 potions of ambrosia
 D - 5 potions of flight
 F - 5 potions of cancellation
 H - 3 potions of magic
 N - 3 potions of might
 S - 2 potions of resistance
 W - 14 potions of curing
 Y - 7 potions of agility
Books
 M - a book of Alchemy

   Spells                             Type                      Level
   a - Sublimation of Blood           Necromancy                   2
   b - Ignite Poison                  Fire/Transmutation/Poison    3
   c - Petrify                        Transmutation/Earth          4
   d - Alistair's Intoxication        Transmutation/Poison         5
   e - Irradiate                      Conjuration/Transmutation    5
Miscellaneous
 g - 9 sacks of spiders
 o - 7 phantom mirrors
 L - a fan of gales
 O - a lamp of fire
Comestibles
 t - 37 meat rations
 v - 32 bread rations
 w - 2 royal jellies


   Skills:
 - Level 25.0 Fighting
 - Level 18.5(20.0) Axes
   Level 14.0(17.8) Maces & Flails
 - Level 21.0 Armour
 - Level 13.0 Dodging
 - Level 16.0 Shields
 + Level 26.7 Invocations
 * Level 22.6 Evocations


You had 26 spell levels left.
You didn't know any spells.

Dungeon Overview and Level Annotations

Branches:
Dungeon (15/15)            Temple (0/1) D:6            Lair (6/6) D:8
 Shoals (4/4) Lair:2       Spider (4/4) Lair:2        Slime (5/5) Lair:6
    Orc (2/2) D:9             Elf (3/3) Orc:2        Vaults (5/5) D:13
  Crypt (3/3) Vaults:2       Tomb (0/3) Crypt:3      Depths (5/5) D:15
    Zot (5/5) Depths:5

Altars:
Ashenzari
Dithmenos
Fedhas
Gozag
Hepliaklqana
Kikubaaqudgha
Makhleb
Nemelex Xobeh
Okawaru
Qazlal
Ru
Sif Muna
Uskayaw
Vehumet
Wu Jian
Xom
Yredelemnul
The Shining One
Beogh
Jiyva

Shops:
D:5 *   Orc:2 ?:((}   Elf:1 (   Elf:3 (   Shoals:1 ?   Shoals:4 }   Vaults:2 *
Vaults:4 ?   Vaults:5 [=!   Zot:3 *   Depths:1 (   Depths:3 (([

Portals:
Hell: Depths:1 Depths:2 Depths:3 Depths:4 Depths:5
Abyss: Depths:2 Depths:4 Depths:5
Pandemonium: Depths:2 Depths:3
Ziggurat: Depths:2

Annotations:
Elf:2 3 runed doors
Elf:3 corrupted
Crypt:3 Khufu
Abyss:1 Aizul; Sonja


Innate Abilities, Weirdness & Mutations

You cannot be hasted, slowed, berserked, paralysed or teleported.
You can dig through walls and to a lower floor.
Your four strong arms can wield two-handed weapons with a shield.
You have a pair of large antennae on your head. (SInv)
You have sharp fingernails.
You have sharp toenails.
You are partially covered in icy blue scales. (AC +2)
You are partially covered in molten scales. (AC +2)
Scrolls take you a little longer to read.
Your mind is acute. (Int +2)
Your muscles are strong. (Str +2)


Message History

(N) Spider Nest (M) Slime Pits (O) Orcish Mines (E) Elven Halls (V) Vaults (C) Crypt (W) Tomb (U) Depths (H) Hell (Z) Zot
Where to? (Enter - D:1 @ (x,y), ? - help)
What level of the Dungeon? (default 1, ? - help)
A giant cockroach comes into view.
You slice the giant cockroach like a ripe choko!!!
You freeze the giant cockroach.
You kill the giant cockroach!
Lugonu accepts your kill.
No target in view!
No target in view!
(D) Dungeon (T) Temple (L) Lair (A) Shoals (N) Spider Nest (M) Slime Pits (O) Orcish Mines (E) Elven Halls (V) Vaults (C) Crypt (W) Tomb (U) Depths (H) Hell (Z) Zot
Where to? (Enter - D:1 @ (x,y), ? - help)
You see here a dagger.
There is a staircase leading out of the dungeon, spattered with blood here.
You have escaped!

...##..##...#....................
.####.###.#............#..#####..
.####.# #....#.....#.............
......###....##...##......#####..
##....##.....###.###......# #..
...#..##..###.##.##.###...# ###.#
.......#...###.#.#.###....###...#
####........###.#.###.....##..###
####...........#@#........##.##
............###.#)###.....##.#
####.###...###.#.#.###....##)#
####.###..###.##.##.###.....รท#
.............###.###......#.##
####.###.##..##...##......#..###
#.# #.....#.....#....#.#....##
####.# ##........................
.##..###.......#..##......#.....#


There were no monsters in sight!

Vanquished Creatures
  the Royal Jelly (Slime:5)
  4 ancient liches
  5 orbs of fire
  Mennas (Vaults:5)
  Boris (Crypt:2)
  Frederick (Vaults:4)
  Bai Suzhen (Vaults:4)
  5 caustic shrikes
  3 Killer Klowns (Zot:5)
  Margery (Crypt:3)
  5 curse toes
  15 golden dragons
  4 bone dragons
  Jory (Vaults:4)
  A profane servitor (Crypt:3)
  5 electric golems
  Jorgrun (Spider:3)
  13 tentacled monstrosities
  Rupert (D:15)
  5 titans
  28 Orb Guardians
  A lich (Crypt:3)
  11 acid blobs
  8 quicksilver dragons
  A deep elf master archer (Elf:3)
  2 Executioners
  The ghost of 4thArraOfDagon the Brawler, an adept DrWr of Qazlal (Elf:3)
  2 tentacled starspawn
  10 sphinxes
  10 death cobs
  3 ancient champions
  14 storm dragons
  3 revenants
  2 tengu reavers
  5 azure jellies
  12 shadow dragons
  2 draconian monks (Zot:3)
  2 cacodemons
  10 fire giants
  10 frost giants
  7 draconian knights
  8 ghost moths
  7 deep elf sorcerers
  8 emperor scorpions
  21 vault wardens
  2 iron dragons (Vaults:5)
  A curse skull (Crypt:1)
  8 ghouls
  7 deep elf elementalists
  2 draconian scorchers
  Ilsuiw (Shoals:4)
  11 ironheart preservers
  Louise (Depths:4)
  A draconian stormcaller (Zot:2)
  5 draconian shifters
  3 war gargoyles
  4 spriggan defenders
  3 draconian annihilators
  33 very ugly things
  21 stone giants
  13 deep elf demonologists
  8 black draconians
  6 vampire knights
  4 entropy weavers
  7 green draconians
  10 red draconians
  A black sun (D:14)
  5 white draconians
  15 purple draconians
  5 deep elf annihilators
  15 yellow draconians
  10 deep elf death magi
  An eidolon (Crypt:2)
  2 spark wasps (Depths:2)
  2 death oozes (Slime:5)
  9 merfolk javelineers
  A blizzard demon (Depths:4)
  15 fire dragons
  13 yaktaur captains
  A minotaur (Lab)
  A green death (Depths:4)
  16 ettins
  6 merfolk impalers
  13 great orbs of eyes
  2 mummy priests (Crypt:3)
  8 deep elf high priests
  30 vault guards
  Erolcha (D:11)
  14 jiangshi
  12 ice dragons
  The ghost of MirrMurr the Brawler, a journeyman TrMo of Wu Jian (D:10)
  5 spriggan air magi
  11 hydras
  6 merfolk avatars
  4 rakshasas
  10 centaur warriors
  5 death knights
  46 two-headed ogres
  6 satyrs
  A catoblepas (Elf:3)
  17 ogre magi
  13 dancing weapons
  10 deep troll earth magi
  6 merfolk aquamancers
  6 vampire magi
  10 deep troll shamans
  3 death yaks
  A queen ant (Lair:2)
  7 hell hogs
  5 tengu warriors
  2 orc high priests
  5 spriggan berserkers
  Urug (Lair:5)
  23 deep elf knights
  16 hell knights
  A titan zombie (Crypt:1)
  Nergalle (Orc:2)
  A soul eater (D:14)
  A titan skeleton (Crypt:2)
  3 thrashing horrors (Abyss:3)
  4 wretched stars (Abyss:3)
  A sun demon (Abyss:2)
  A death drake (shapeshifter) (D:15)
  A fire crab (shapeshifter) (Elf:2)
  A salamander mystic (Depths:4)
  33 skeletal warriors
  A shadow wraith (Vaults:4)
  2 spatial maelstroms
  A spark wasp zombie (Depths:1)
  5 iron trolls
  13 large abominations
  3 unseen horrors
  12 sea snakes
  3 unseen horrors (shapeshifter)
  37 deep trolls
  A sea snake (shapeshifter) (Depths:4)
  A golden dragon zombie (Depths:1)
  29 deep elf archers
  An orange crystal statue (Vaults:1)
  6 glowing orange brains
  9 wizards
  19 ironbrand convokers
  A torturous demonspawn (D:14)
  7 flayed ghosts
  A wolf spider (shapeshifter) (Vaults:5)
  18 harpies
  7 phantasmal warriors
  A wolf spider zombie (D:15)
  9 necromancers
  21 orb spiders
  63 deep elf magi
  A harpy (shapeshifter) (Depths:4)
  11 fauns
  15 orc sorcerers
  12 orc knights
  34 wolf spiders
  3 shining eyes
  A salamander (shapeshifter) (Vaults:2)
  4 salamanders
  A stone giant zombie (Depths:1)
  62 ugly things
  28 moths of wrath
  16 manticores
  A shining eye (shapeshifter) (D:15)
  9 cyclopes
  6 elephants (Lair:6)
  6 merfolk sirens
  A shock serpent zombie (Crypt:2)
  A worldbinder (Abyss:2)
  A stone giant skeleton (Vaults:2)
  8 black mambas
  16 vault sentinels
  A torpor snail (shapeshifter) (D:15)
  5 eyes of devastation
  A frost giant skeleton (Depths:1)
  2 guardian serpents (shapeshifter)
  2 guardian serpents (Depths:3)
  3 molten gargoyles (Lair:6)
  6 water nymphs
  6 smoke demons
  A fire giant skeleton (Depths:1)
  A gargoyle (D:14)
  2 orange demons
  A catoblepas zombie (Crypt:2)
  4 spiny frogs
  2 centaur skeletons
  A torpor snail (Lair:4)
  5 kobold demonologists
  A hellion (D:7)
  A yaktaur (shapeshifter) (Vaults:5)
  15 starcursed masses
  An ice devil (Abyss:2)
  A komodo dragon (shapeshifter) (Vaults:2)
  A yaktaur zombie (Depths:1)
  A rime drake (shapeshifter) (Depths:4)
  51 yaktaurs
  7 guardian mummies (Crypt:3)
  10 demonic crawlers
  14 freezing wraiths
  6 komodo dragons
  A yaktaur skeleton (Vaults:2)
  4 hellwings
  3 tengu conjurers
  2 ancient zymes (Abyss:3)
  A meliai (shapeshifter) (Vaults:2)
  36 merfolk
  10 trolls
  A red devil (Depths:1)
  2 spriggan skeletons
  5 harpy zombies (Shoals:3)
  A queen ant zombie (Crypt:1)
  8 meliai
  8 wind drakes
  2 queen bees
  A fire dragon zombie (Depths:1)
  A harpy skeleton (Crypt:2)
  41 jumping spiders
  81 slime creatures
  16 hornets
  3 polar bears
  5 raiju (Abyss:2)
  An ice dragon zombie (Depths:1)
  A blink frog (shapeshifter) (Elf:1)
  5 snapping turtles
  10 hippogriffs
  11 blink frogs
  2 frost giant simulacra
  A hippogriff (shapeshifter) (Vaults:4)
  A bog body (Crypt:1)
  A human simulacrum (Vaults:1)
  An ettin skeleton (Crypt:1)
  A redback (shapeshifter) (Vaults:5)
  A spectral black mamba (Crypt:3)
  Sigmund (Abyss:1)
  63 flying skulls
  2 fire dragon skeletons (Depths:1)
  A spriggan (shapeshifter) (Vaults:3)
  5 shadows
  46 tarantellas
  89 redbacks
  4 ynoxinuls
  8 wyverns
  10 air elementals
  5 spriggans
  45 yaks
  7 basilisks
  36 water elementals
  2 yaks (shapeshifter) (Depths:4)
  11 wraiths
  A hog (shapeshifter) (Vaults:4)
  5 fire elementals
  A black mamba skeleton (Crypt:2)
  4 golden eyes (Slime:3)
  3 vampire mosquitoes (D:14)
  A neqoxec (Abyss:2)
  A basilisk (shapeshifter) (Vaults:4)
  A golden eye (shapeshifter) (D:13)
  4 hungry ghosts
  2 steam dragons
  3 acid dragons
  2 wargs
  A deep troll zombie (Crypt:2)
  An acid dragon (shapeshifter) (Vaults:5)
  20 soldier ants (Lair:2)
  9 porcupines
  A porcupine (shapeshifter) (D:15)
  8 water moccasins
  A floating eye (shapeshifter) (D:15)
  13 hell hounds
  6 sky beasts
  30 orc warriors
  2 spiny frog skeletons
  19 ice beasts
  2 phantoms
  An elf zombie (Vaults:1)
  A fire dragon simulacrum (Depths:1)
  4 necrophages (Crypt:3)
  37 ogres
  5 boggarts (Depths:1)
  2 eyes of draining
  7 wolves
  A blink frog skeleton (Crypt:1)
  A swamp dragon skeleton (Crypt:2)
  22 centaurs
  A rime drake zombie (Crypt:2)
  A crocodile (shapeshifter) (D:15)
  An elf skeleton (Vaults:1)
  12 big kobolds
  11 crocodiles
  18 bullfrogs
  3 earth elementals
  2 glowing shapeshifter simulacra
  A draconian skeleton (Crypt:1)
  11 human skeletons (Vaults:2)
  10 small abominations
  7 scorpions
  A warg skeleton (Crypt:2)
  34 killer bees
  An orc simulacrum (Vaults:1)
  3 wights
  2 tengu skeletons (Depths:1)
  8 electric eels
  3 vampire bats (Orc:1)
  3 howler monkeys (D:12)
  5 centaur zombies
  10 crimson imps
  5 lava snakes (Lair:6)
  3 bullfrog zombies
  3 quasits
  15 hounds
  7 jellies
  15 orc priests
  An iron imp (Abyss:2)
  3 bullfrog skeletons
  3 iguanas
  37 orc wizards
  4 polar bear simulacra (Lair:6)
  33 worker ants
  2 yak simulacra (Lair:6)
  2 wolf simulacra (Lair:6)
  A sky beast zombie (Crypt:2)
  A felid zombie (Crypt:1)
  2 naga skeletons (Crypt:1)
  A hound skeleton (D:4)
  2 howler monkey skeletons
  12 adders
  A swamp drake skeleton (Crypt:1)
  5 shadow imps
  An ooze (D:3)
  3 ufetubi
  7 worms
  A lava snake skeleton (Crypt:1)
  2 dart slugs (D:1)
  9 leopard geckos
  115 orcs
  8 giant cockroaches
  10 goblins
  11 hobgoblins
  7 jackals
  7 quokkas
  13 bats
  7 frilled lizards
  A goblin zombie (Crypt:2)
  23 kobolds
  7 rats
  A river rat simulacrum (Lair:6)
  3 bushes (Shoals:2)
  4 crawling corpses (Elf:1)
  6 plants
  4 starspawn tentacles
2920 creatures vanquished.

Vanquished Creatures (collateral kills)
  An orb of fire (Zot:5)
  A caustic shrike (Depths:5)
  A quicksilver dragon (Depths:5)
  A spark wasp (Depths:5)
  A spriggan air mage (Depths:5)
  2 air elementals (Depths:5)
7 creatures vanquished.

Vanquished Creatures (others)
  2 deep elf blademasters (Elf:3)
  A deep elf master archer (Elf:3)
  A kraken (Shoals:3)
  An ancient champion (Crypt:3)
  2 deep elf annihilators (Elf:3)
  2 spark wasps (Depths:5)
  An ettin (Orc:1)
  A deep elf high priest (Elf:3)
  2 deep elf death magi (Elf:3)
  A fire dragon (Depths:3)
  6 hydras
  2 spriggan air magi (Depths:5)
  2 two-headed ogres
  A merfolk aquamancer (Shoals:4)
  A shadow wraith (Vaults:1)
  3 skeletal warriors (Crypt:3)
  2 hell knights (Crypt:3)
  A lindwurm (Lair:6)
  A harpy (Shoals:2)
  2 deep elf magi (Elf:1)
  3 ugly things
  2 orc sorcerers
  An orb spider (Spider:1)
  A cyclops (D:15)
  A manticore (D:12)
  3 moths of wrath
  A black mamba (Lair:6)
  A gargoyle (D:10)
  A freezing wraith (Crypt:3)
  2 small abominations (Elf:3)
  A merfolk (Shoals:4)
  A jumping spider (Spider:4)
  A stone giant simulacrum (Crypt:3)
  A tarantella (Spider:4)
  A yak (D:9)
  A wyvern (D:10)
  A human (Depths:4)
  A steam dragon (Lair:6)
  An orc warrior (D:9)
  3 boggarts (Depths:1)
  3 ogres
  Blork the orc (Elf:2)
  An orc wizard (Elf:1)
  An adder (D:7)
  4 orcs
  3 bushes
  2 crawling corpses (Elf:3)
  14 fungi
  17 plants
  8 starspawn tentacles
117 creatures vanquished.

Grand Total: 3044 creatures vanquished

Notes
Turn   | Place    | Note
-------+----------+-------------------------------------------
     0 | Abyss:1  | hexaflexagon the Formicid Abyssal Knight began the quest for the Orb.
     0 | Abyss:1  | Reached XP level 1. HP: 18/18 MP: 2/2
    62 | D:1      | Escaped the Abyss
   116 | D:1      | Reached XP level 2. HP: 18/24 MP: 3/3
   345 | D:1      | Reached XP level 3. HP: 23/29 MP: 5/5
   644 | D:1      | Reached ** piety under Lugonu
   885 | D:1      | Reached skill level 3 in Invocations
  1654 | D:2      | Reached XP level 4. HP: 35/35 MP: 6/6
  2010 | D:2      | HP: 1/35 [poisoned by an adder]
  2854 | D:2      | Found a sacrificial altar of Ru.
  3363 | D:3      | Reached XP level 5. HP: 37/41 MP: 7/7
  3715 | D:3      | Reached *** piety under Lugonu
  3715 | D:3      | Reached skill level 4 in Invocations
  3762 | D:3      | Found a shattered altar of Ashenzari.
  4020 | D:3      | Found an ancient bone altar of Kikubaaqudgha.
  4029 | D:3      | Reached skill level 5 in Maces & Flails
  4029 | D:3      | Reached XP level 6. HP: 47/47 MP: 9/9
  4099 | D:3      | Noticed Sigmund
  4217 | D:3      | Banished Sigmund
  4606 | D:4      | Reached XP level 7. HP: 47/52 MP: 10/10
  4862 | D:4      | Found a shadowy altar of Dithmenos.
  4863 | D:4      | Found a basalt altar of Yredelemnul.
  4864 | D:4      | Found a radiant altar of Vehumet.
  4864 | D:4      | Found an iron altar of Okawaru.
  4985 | D:4      | Found a hazy altar of Hepliaklqana.
  5076 | D:4      | Found a burning altar of Makhleb.
  5145 | D:4      | Found a glowing golden altar of the Shining One.
  5515 | D:5      | Entered Level 5 of the Dungeon
  5520 | D:5      | Found a stormy altar of Qazlal.
  6028 | D:5      | Found a deep blue altar of Sif Muna.
  6046 | D:5      | Reached XP level 8. HP: 60/60 MP: 11/11
  6164 | D:5      | Found Moruyz's General Store.
  6167 | D:5      | Found a blossoming altar of Fedhas.
  6174 | D:5      | Bought a potion of might for 48 gold pieces
  6586 | D:6      | Found a staircase to the Ecumenical Temple.
  6637 | D:5      | Reached skill level 5 in Invocations
  7128 | D:6      | Reached skill level 5 in Fighting
  7522 | D:6      | Reached XP level 9. HP: 36/68 MP: 13/13
  7977 | D:7      | Reached **** piety under Lugonu
  8004 | D:7      | Reached skill level 6 in Invocations
  8133 | D:6      | Reached skill level 5 in Armour
  8468 | D:7      | Reached skill level 1 in Shields
  8626 | D:7      | Found an ornate altar of the Wu Jian Council.
  8672 | D:7      | Found a shimmering altar of Xom.
  9065 | D:8      | Noticed a troll
  9254 | D:8      | Reached skill level 5 in Shields
  9350 | D:8      | Found a hide-covered altar of Uskayaw.
  9377 | D:8      | Killed a troll
  9377 | D:8      | Reached XP level 10. HP: 22/74 MP: 14/14
 10396 | D:8      | Found a staircase to the Lair.
 10477 | D:8      | You fall through a shaft!
 10480 | D:9      | You fall through a shaft for 2 floors!
 10563 | D:11     | Noticed a two-headed ogre
 10565 | D:11     | Banished a two-headed ogre
 10565 | D:11     | Reached skill level 10 in Maces & Flails
 10577 | D:11     | Noticed a five-headed hydra
 10578 | D:11     | Noticed a brown ugly thing
 10581 | D:11     | Noticed Erolcha
 10588 | D:10     | Entered Level 10 of the Dungeon
 11066 | D:10     | Noticed MirrMurr's ghost (journeyman TrMo)
 11073 | D:10     | Found a deep blue altar of Sif Muna.
 11075 | D:10     | Noticed a kobold demonologist
 11115 | D:9      | Reached skill level 7 in Invocations
 11366 | D:8      | Reached skill level 8 in Invocations
 11427 | D:8      | Reached ***** piety under Lugonu
 11502 | D:8      | Noticed a two-headed ogre
 11574 | D:7      | Reached skill level 1 in Dodging
 12000 | D:9      | Reached XP level 11. HP: 65/80 MP: 17/17
 12099 | D:9      | Found a staircase to the Orcish Mines.
 12168 | D:8      | Banished a two-headed ogre
 12168 | D:8      | Reached skill level 9 in Invocations
 12687 | D:9      | HP: 3/81 [orc warrior/war axe (20)]
 12972 | D:9      | You fall through a shaft for 3 floors!
 12972 | D:12     | Noticed a manticore
 12974 | D:12     | Banished a manticore
 13463 | D:10     | Noticed a white ugly thing
 13464 | D:10     | Noticed a cyan ugly thing
 13467 | D:10     | Banished a white ugly thing
 13469 | D:10     | Banished a cyan ugly thing
 13610 | D:10     | Noticed an orc sorcerer
 13936 | D:10     | Banished an orc sorcerer
 14228 | D:10     | Noticed an orc sorcerer
 14255 | D:10     | Killed an orc sorcerer
 14995 | D:11     | Reached skill level 10 in Invocations
 15027 | D:10     | Killed a brown ugly thing
 15215 | D:11     | Noticed an unseen horror
 15496 | D:11     | Killed Erolcha
 15496 | D:11     | Reached XP level 12. HP: 83/91 MP: 19/19
 15620 | D:11     | Noticed a two-headed ogre
 15632 | D:11     | Killed a two-headed ogre
 15794 | D:11     | Killed an unseen horror
 15880 | D:11     | Killed a five-headed hydra
 16404 | D:12     | Found an opulent altar of Gozag.
 16426 | D:12     | Noticed a two-headed ogre
 16447 | D:12     | Killed a two-headed ogre
 16551 | D:12     | Reached skill level 11 in Invocations
 16779 | D:12     | Noticed a four-headed hydra
 16851 | D:12     | Killed a four-headed hydra
 17819 | Lair:1   | Entered Level 1 of the Lair of Beasts
 17827 | Lair:1   | Noticed a seven-headed hydra
 17828 | Lair:1   | Banished a seven-headed hydra
 17828 | Lair:1   | Reached skill level 12 in Invocations
 17927 | Lair:1   | Reached XP level 13. HP: 85/98 MP: 22/22
 18006 | Lair:1   | Found a frozen archway.
 18118 | IceCv    | Entered an ice cave
 18546 | Lair:1   | Noticed a four-headed hydra
 18559 | Lair:1   | Killed a four-headed hydra
 18772 | Lair:1   | Noticed a five-headed hydra
 18859 | Lair:1   | Killed a five-headed hydra
 19475 | Lair:2   | Found a hole to the Spider Nest.
 20441 | Lair:2   | Found a staircase to the Shoals.
 20826 | Lair:3   | Reached skill level 5 in Dodging
 21799 | Lair:4   | Reached XP level 14. HP: 108/108 MP: 23/23
 22036 | Lair:4   | Got a scintillating bone ring
 22037 | Lair:4   | Identified the ring of Satyriasis {+Fly MP+9 EV+5 Int+4 Dex-2} (You found it on level 4 of the Lair of Beasts)
 22718 | Lair:5   | Noticed Urug
 22892 | Lair:5   | Killed Urug
 22892 | Lair:5   | Reached skill level 13 in Invocations
 23948 | Lair:6   | Entered Level 6 of the Lair of Beasts
 24191 | Lair:6   | Reached skill level 10 in Shields
 24221 | Lair:6   | Reached skill level 10 in Fighting
 25445 | Lair:6   | Reached skill level 14 in Invocations
 25679 | Lair:6   | Reached XP level 15. HP: 115/115 MP: 25/25
 25805 | Lair:6   | Found a staircase to the Slime Pits.
 25939 | Lair:6   | Reached ****** piety under Lugonu
 26374 | Lair:6   | Found a large runed door.
 26374 | Lair:6   | Found a large runed door.
 27182 | Orc:1    | Entered Level 1 of the Orcish Mines
 27462 | Orc:1    | Reached skill level 1 in Axes
 28033 | D:5      | Bought 3 scrolls of enchant weapon for 270 gold pieces
 28190 | Orc:2    | Entered Level 2 of the Orcish Mines
 28557 | Orc:2    | Found a staircase to the Elven Halls.
 28598 | Orc:2    | Found Ludwixar's Antique Weapon Emporium.
 29513 | Orc:2    | Found Neinajy's Magic Scroll Emporium.
 29530 | Orc:2    | Bought a scroll of enchant armour for 90 gold pieces
 29546 | Orc:2    | Found Ora Vuxi's Gadget Shoppe.
 29718 | Orc:2    | Found an ancient bone altar of Kikubaaqudgha.
 29719 | Orc:2    | Noticed Nergalle
 29733 | Orc:2    | Killed Nergalle
 29791 | Orc:2    | Found a radiant altar of Vehumet.
 29843 | Orc:2    | Found a roughly hewn altar of Beogh.
 29843 | Orc:2    | Found Qauxtaf's Antique Weapon Emporium.
 29916 | Orc:2    | Found Offiwod's Book Shoppe.
 30318 | D:13     | Reached skill level 15 in Shields
 30327 | D:13     | Reached skill level 5 in Axes
 30680 | D:13     | Noticed Sonja
 30703 | D:13     | Banished Sonja
 30838 | D:13     | Found a gate to the Vaults.
 30960 | D:14     | Reached XP level 16. HP: 122/122 MP: 26/26
 31137 | D:14     | Found a labyrinth entrance.
 31156 | Lab      | Entered a labyrinth
 31290 | Lab      | Got a twisted shortbow
 32019 | D:15     | Entered Level 15 of the Dungeon
 32019 | D:15     | Found a huge runed gate.
 32019 | D:15     | Noticed Rupert
 32165 | D:15     | Found a flickering gateway to a bazaar.
 32187 | Bazaar   | Entered a bazaar
 32235 | Bazaar   | Found Yceo's Jewellery Emporium.
 32235 | Bazaar   | Found Paarunen's Book Shoppe.
 32259 | Bazaar   | Bought the ring "Gohaskups" {-Tele *Slow rF+ MR+++ Str+8} for 780 gold pieces
 32259 | Bazaar   | Bought the ring "Eheapsod" {-Tele rPois rF++ rC+ Int+4} for 904 gold pieces
 32337 | D:15     | Found a huge runed gate.
 32338 | D:15     | Found a huge runed gate.
 32338 | D:15     | Found a huge runed gate.
 32338 | D:15     | Found a huge runed gate.
 32339 | D:15     | Found a huge runed gate.
 32339 | D:15     | Found a huge runed gate.
 32340 | D:15     | Found a huge runed gate.
 32340 | D:15     | Found a huge runed gate.
 32341 | D:15     | Found a huge runed gate.
 32341 | D:15     | Found a huge runed gate.
 32342 | D:15     | Found a huge runed gate.
 32344 | D:15     | Found a huge runed gate.
 32345 | D:15     | Found a huge runed gate.
 32352 | D:15     | Found a huge runed gate.
 32369 | D:15     | Found a huge runed gate.
 32369 | D:15     | Found a huge runed gate.
 32370 | D:15     | Found a huge runed gate.
 32371 | D:15     | Found a huge runed gate.
 32449 | D:15     | Found a sparkling altar of Nemelex Xobeh.
 32685 | D:15     | Found a huge runed gate.
 32685 | D:15     | Found a huge runed gate.
 32685 | D:15     | Found a huge runed gate.
 32686 | D:15     | Found a huge runed gate.
 32686 | D:15     | Found a huge runed gate.
 32686 | D:15     | Found a huge runed gate.
 32688 | D:15     | Found a huge runed gate.
 32771 | D:15     | Found a huge runed gate.
 32771 | D:15     | Found a huge runed gate.
 32771 | D:15     | Found a huge runed gate.
 32773 | D:15     | Found a huge runed gate.
 32779 | D:15     | Found a huge runed gate.
 32780 | D:15     | Found a huge runed gate.
 32785 | D:15     | Found a huge runed gate.
 32790 | D:15     | Found a huge runed gate.
 32790 | D:15     | Found a huge runed gate.
 32806 | D:15     | Found a huge runed gate.
 32837 | D:15     | Reached skill level 10 in Axes
 32887 | D:15     | Gained mutation: You are weak. (Str -2) [a shining eye]
 32957 | D:15     | Found a staircase to the Depths.
 33047 | D:15     | Killed Rupert
 33528 | D:15     | Noticed a tengu reaver
 33528 | D:15     | Noticed a frost giant
 33529 | D:15     | Noticed a fire giant
 34119 | Spider:1 | Entered Level 1 of the Spider Nest
 34221 | Shoals:1 | Entered Level 1 of the Shoals
 35209 | Shoals:1 | Found Wuill's Magic Scroll Boutique.
 35221 | Shoals:1 | Bought a scroll of enchant weapon for 142 gold pieces
 35221 | Shoals:1 | Bought a scroll of enchant weapon for 142 gold pieces
 35760 | Shoals:2 | Reached XP level 17. HP: 127/128 MP: 27/27
 36440 | Shoals:3 | Reached skill level 10 in Armour
 37760 | Shoals:3 | Noticed a kraken
 37767 | Shoals:3 | Banished a kraken
 38262 | Spider:1 | Reached skill level 15 in Invocations
 38717 | Spider:1 | Reached XP level 18. HP: 119/138 MP: 29/29
 39369 | Spider:2 | Identified 2 scrolls of acquirement
 39381 | Spider:2 | Got a slimy crystal plate armour
 39382 | Spider:2 | Identified the +9 crystal plate armour "Nupnaat" {rPois Regen+ Int-5 SInv} (You acquired it on level 2 of the Spider Nest)
 39481 | Spider:2 | Got a spiked cloak
 39492 | Spider:2 | Identified the -6 cloak of Gallantry {Dex+7} (You acquired it on level 2 of the Spider Nest)
 39923 | Spider:3 | Reached skill level 15 in Axes
 40250 | Spider:3 | Noticed Jorgrun
 40264 | Spider:3 | Killed Jorgrun
 40694 | Spider:4 | Entered Level 4 of the Spider Nest
 40992 | Spider:4 | Reached skill level 16 in Invocations
 41249 | Spider:4 | Reached XP level 19. HP: 146/146 MP: 16/31
 41811 | Spider:4 | Got a gossamer rune of Zot
 42135 | Shoals:4 | Entered Level 4 of the Shoals
 42229 | Shoals:4 | Got a barnacled rune of Zot
 42299 | Shoals:4 | Noticed Ilsuiw
 42878 | Shoals:4 | Found Aposhu's Gadget Shoppe.
 43081 | Shoals:4 | Reached skill level 17 in Invocations
 43254 | Shoals:4 | Killed Ilsuiw
 43313 | Shoals:4 | Got a warped steel amulet
 43314 | Shoals:4 | Identified the amulet of the Lobster {Harm *Drain rF+} (You found it on level 4 of the Shoals)
 43833 | Elf:1    | Entered Level 1 of the Elven Halls
 44076 | Elf:1    | Reached XP level 20. HP: 110/153 MP: 32/32
 44763 | Elf:1    | Found Weapadan's Antique Weapon Shoppe.
 44767 | Elf:1    | Bought a crystal battleaxe for 414 gold pieces
 44767 | Elf:1    | Identified the +4 battleaxe of Imminent Death {chop, Int+7} (You bought it in a shop on level 1 of the Elven Halls)
 45232 | Elf:2    | Reached skill level 18 in Invocations
 45494 | Elf:2    | Found a runed gate.
 45497 | Elf:2    | Found a runed gate.
 45499 | Elf:2    | Found a runed gate.
 45734 | Elf:2    | Noticed Blork the orc
 45744 | Elf:2    | Found a deep blue altar of Sif Muna.
 45899 | Elf:2    | Killed Blork the orc
 46028 | Elf:3    | Entered Level 3 of the Elven Halls
 46102 | Elf:3    | Noticed Aizul
 46166 | Elf:3    | Found Heckius's Weapon Boutique.
 46262 | Elf:3    | Banished Aizul
 46614 | Elf:3    | Noticed 4thArraOfDagon's ghost (adept DrWr)
 46701 | Elf:3    | Killed 4thArraOfDagon's ghost
 47011 | Elf:3    | Reached XP level 21. HP: 159/159 MP: 34/34
 47855 | Elf:3    | Noticed a Brimstone Fiend
 47889 | Elf:3    | Reached skill level 19 in Invocations
 48094 | Elf:3    | Corrupted Elf:3
 48094 | Elf:3    | Noticed a bone dragon
 48094 | Elf:3    | Noticed an ancient lich
 48094 | Elf:3    | Noticed a profane servitor
 48160 | Abyss:1  | Killed Sigmund
 48249 | Elf:3    | Escaped the Abyss
 48250 | Elf:3    | Got a coiled pewter ring
 48478 | Elf:3    | Identified the Incunabulum of Calling
 48566 | Elf:3    | Identified the ring of the Well-Known Realms {rPois rN++ Int+2 Dex-4} (You found it on level 3 of the Elven Halls)
 48858 | Vaults:1 | Entered Level 1 of the Vaults
 48984 | Vaults:1 | Reached skill level 15 in Armour
 49821 | Vaults:1 | Reached XP level 22. HP: 168/168 MP: 35/35
 51189 | Vaults:2 | Reached skill level 20 in Invocations
 51517 | Vaults:2 | Found Viuxtina's General Store.
 52138 | Vaults:2 | Found a staircase to the Crypt.
 52570 | Vaults:3 | Got an ichor-stained arbalest
 52572 | Vaults:3 | Identified the cursed +1 arbalest of Cowardice {freeze, rPois rN+ SInv Stlth-} (You found it on level 3 of the Vaults)
 52822 | Vaults:3 | Reached skill level 15 in Fighting
 52822 | Vaults:3 | Reached XP level 23. HP: 181/181 MP: 37/37
 53791 | Vaults:4 | Noticed Bai Suzhen
 53822 | Vaults:4 | Killed Bai Suzhen
 53822 | Vaults:4 | Reached skill level 21 in Invocations
 54147 | Vaults:4 | Reached skill level 10 in Dodging
 54326 | Vaults:4 | Noticed Frederick
 54338 | Vaults:4 | Killed Frederick
 54473 | Vaults:4 | Reached XP level 24. HP: 194/195 MP: 37/37
 54931 | Vaults:4 | Found Muiteisu's Magic Scroll Shoppe.
 55041 | Vaults:4 | Noticed Jory
 55061 | Vaults:4 | Killed Jory
 55156 | Vaults:2 | Bought a potion of heal wounds for 105 gold pieces
 55156 | Vaults:2 | Bought the +15 Maxwell's patent armour {-Cast -Tele rElec MR+ rCorr} for 2255 gold pieces
 55156 | Vaults:2 | Found the +15 Maxwell's patent armour {-Cast -Tele rElec MR+ rCorr}
 55563 | Depths:1 | Entered Level 1 of the Depths
 55905 | Depths:1 | Identified Piexzimo's Volume of Shifting Snow
 56240 | Depths:1 | Found Vakygaz's Antique Weapon Boutique.
 56445 | Depths:1 | Found a gateway to Hell.
 56616 | Depths:2 | Found a gateway to a ziggurat.
 56623 | Depths:2 | Found a one-way gate to the infinite horrors of the Abyss.
 56809 | Depths:2 | Reached skill level 22 in Invocations
 56893 | Depths:2 | Found a one-way gate leading to the halls of Pandemonium.
 57171 | Depths:2 | Reached XP level 25. HP: 206/206 MP: 38/38
 57252 | Depths:2 | Noticed a caustic shrike
 57290 | Depths:2 | Killed a caustic shrike
 57687 | Depths:3 | Found Gozag's Antique Weapon Boutique.
 58201 | Depths:3 | Found an opulent altar of Gozag.
 58201 | Depths:3 | Found Gozag's Antique Weapon Shop.
 58209 | Depths:3 | Found Gozag's Antique Armour Shop.
 59162 | Depths:4 | Reached XP level 26. HP: 218/218 MP: 38/38
 59225 | Depths:4 | Noticed Louise
 59240 | Depths:4 | Killed Louise
 59636 | Depths:4 | Found a burning altar of Makhleb.
 59703 | Depths:4 | Found a runed door.
 59704 | Depths:4 | Found a runed door.
 60160 | Depths:5 | Entered Level 5 of the Depths
 60708 | Depths:5 | Found a gate to the Realm of Zot.
 62791 | Crypt:1  | Entered Level 1 of the Crypt
 62851 | Crypt:1  | Reached XP level 27. HP: 226/229 MP: 38/38
 64669 | Crypt:2  | Noticed Boris
 64692 | Crypt:2  | Killed Boris
 64692 | Crypt:2  | Reached skill level 23 in Invocations
 65081 | Crypt:3  | Entered Level 3 of the Crypt
 65437 | Crypt:3  | Identified a +5 battleaxe of distortion (a +3 battleaxe of distortion corrupted by Lugonu)
 65437 | Crypt:3  | Received a gift from Lugonu
 65447 | Crypt:3  | Found an ancient bone altar of Kikubaaqudgha.
 65758 | Crypt:3  | Noticed Margery
 65805 | Crypt:3  | Killed Margery
 66253 | Crypt:3  | Noticed Khufu
 66363 | Crypt:3  | Got a pitted pewter ring
 66367 | Crypt:3  | Got a slimy platinum ring
 66372 | Crypt:3  | Identified the ring "Kuapyex" {rElec rC- rN+ Str+9 Int-5} (You found it on level 3 of the Crypt)
 66373 | Crypt:3  | Identified the ring of Qerih {+Blink rN+ Stlth+} (You found it on level 3 of the Crypt)
 66377 | Crypt:3  | Got a twitching tin ring
 66379 | Crypt:3  | Identified the ring "Dyniug" {rN+ Dex+5} (You found it on level 3 of the Crypt)
 66525 | Crypt:3  | Found a staircase to the Tomb.
 66546 | Crypt:3  | Identified the Compendium of Darkness
 66908 | Vaults:4 | Bought a scroll of fear for 56 gold pieces
 66908 | Vaults:4 | Bought a scroll of fog for 32 gold pieces
 66908 | Vaults:4 | Bought 3 scrolls of enchant weapon for 360 gold pieces
 67059 | Vaults:5 | Entered Level 5 of the Vaults
 67068 | Vaults:4 | Reached skill level 24 in Invocations
 67647 | Vaults:5 | Reached skill level 1 in Evocations
 67868 | Vaults:5 | Found Naidwuew's Jewellery Shoppe.
 67873 | Vaults:5 | Found Todig's Antique Armour Shop.
 67899 | Vaults:5 | Noticed Mennas
 67922 | Vaults:5 | Killed Mennas
 67922 | Vaults:5 | Reached skill level 5 in Evocations
 68232 | Vaults:5 | Got a silver rune of Zot
 68315 | Vaults:5 | Noticed an ancient lich
 68333 | Vaults:5 | Killed an ancient lich
 68404 | Vaults:5 | Found Turoonua's Distillery.
 68417 | Vaults:5 | Bought a potion of curing for 48 gold pieces
 68417 | Vaults:5 | Bought a potion of heal wounds for 80 gold pieces
 68417 | Vaults:5 | Bought a potion of agility for 64 gold pieces
 68417 | Vaults:5 | Bought a potion of curing for 48 gold pieces
 68417 | Vaults:5 | Bought 2 potions of agility for 128 gold pieces
 68417 | Vaults:5 | Bought a potion of mutation for 128 gold pieces
 68417 | Vaults:5 | Bought a potion of heal wounds for 80 gold pieces
 68417 | Vaults:5 | Bought a potion of cancellation for 128 gold pieces
 68417 | Vaults:5 | Bought 2 potions of mutation for 256 gold pieces
 69266 | Shoals:1 | Bought a scroll of enchant armour for 142 gold pieces
 69436 | Slime:1  | Entered Level 1 of the Pits of Slime
 69581 | Slime:3  | Gained mutation: You are clumsy. (Dex -2) [a shining eye]
 69748 | Slime:4  | Gained mutation: Your body sometimes deteriorates upon taking damage. [a shining eye]
 69750 | Slime:4  | Gained mutation: Your body often deteriorates upon taking damage. [a shining eye]
 69751 | Slime:4  | Gained mutation: You are very weak. (Str -4) [a shining eye]
 69752 | Slime:4  | Gained mutation: You expend magic power (3 MP) to strengthen your wands. [a shining eye]
 69784 | Slime:5  | Entered Level 5 of the Pits of Slime
 69882 | Slime:5  | Noticed the Royal Jelly
 69883 | Slime:5  | Found a viscous altar of Jiyva.
 69895 | Slime:5  | Killed the Royal Jelly
 70001 | Slime:5  | Got a slimy rune of Zot
 70004 | Slime:5  | Found the cursed necklace of Bloodlust {*Rage +Rage MR++ Int-3 Slay+6 *Curse}
 70118 | Slime:5  | Identified the ring of Janay {rC+ MR+} (You found it on level 5 of the Pits of Slime)
 70257 | Slime:2  | Reached skill level 10 in Evocations
 70377 | Lair:3   | Lost mutation: Your body often deteriorates upon taking damage. [potion of mutation]
 70377 | Lair:3   | Lost mutation: You are clumsy. (Dex -2) [potion of mutation]
 70377 | Lair:3   | Lost mutation: Your body sometimes deteriorates upon taking damage. [potion of mutation]
 70377 | Lair:3   | Lost mutation: You are very weak. (Str -4) [potion of mutation]
 70377 | Lair:3   | Gained mutation: Scrolls take you a little longer to read. [potion of mutation]
 70377 | Lair:3   | Gained mutation: You are resistant to hostile enchantments. (MR+) [potion of mutation]
 70378 | Lair:3   | Lost mutation: You are resistant to hostile enchantments. (MR+) [potion of mutation]
 70378 | Lair:3   | Gained mutation: You evolve. [potion of mutation]
 70379 | Lair:3   | Lost mutation: You expend magic power (3 MP) to strengthen your wands. [potion of mutation]
 70379 | Lair:3   | Lost mutation: Scrolls take you a little longer to read. [potion of mutation]
 70379 | Lair:3   | Lost mutation: You are weak. (Str -2) [potion of mutation]
 70379 | Lair:3   | Gained mutation: You have a beak for a mouth. [potion of mutation]
 70379 | Lair:3   | Gained mutation: Your movements are slightly less encumbered by armour. (ER -2) [potion of mutation]
 70517 | Shoals:4 | Bought a sack of spiders for 380 gold pieces
 70517 | Shoals:4 | Bought a sack of spiders for 380 gold pieces
 70517 | Shoals:4 | Bought a sack of spiders for 380 gold pieces
 70517 | Shoals:4 | Bought a wand of paralysis (15) for 323 gold pieces
 70765 | Orc:2    | Bought a sack of spiders for 260 gold pieces
 70765 | Orc:2    | Bought a sack of spiders for 260 gold pieces
 70765 | Orc:2    | Bought a wand of paralysis (19) for 273 gold pieces
 70765 | Orc:2    | Bought a wand of paralysis (7) for 117 gold pieces
 70872 | Elf:1    | Gained mutation: You are robust. (+10% HP) [evolution]
 71282 | D:10     | Killed MirrMurr's ghost
 71786 | Zot:1    | Entered Level 1 of the Realm of Zot
 71950 | Zot:1    | Reached skill level 25 in Invocations
 72920 | Zot:2    | Noticed an orb of fire
 72931 | Zot:2    | Gained mutation: You do not regenerate when monsters are visible. [an orb of fire]
 72944 | Zot:2    | Killed an orb of fire
 72965 | Zot:2    | Reached skill level 15 in Evocations
 73645 | Zot:3    | Found Edeisum's Changing Room.
 75977 | Zot:5    | Entered Level 5 of the Realm of Zot
 76408 | Zot:5    | Noticed an ancient lich
 76421 | Zot:5    | Killed an ancient lich
 76556 | Zot:5    | Noticed an orb of fire
 76797 | Zot:5    | Killed an orb of fire
 77123 | Zot:5    | Noticed an orb of fire
 77134 | Zot:5    | Gained mutation: Scrolls take you a little longer to read. [an orb of fire]
 77139 | Zot:5    | Killed an orb of fire
 77156 | Zot:5    | Noticed an orb of fire
 77171 | Zot:5    | Gained mutation: Scrolls take you longer to read. [an orb of fire]
 77193 | Zot:5    | Gained mutation: Your body sometimes deteriorates upon taking damage. [an orb of fire]
 77194 | Zot:5    | Gained mutation: You occasionally shout uncontrollably at your foes. [an orb of fire]
 77200 | Zot:5    | Killed an orb of fire
 77353 | Zot:5    | Reached skill level 26 in Invocations
 77394 | Zot:5    | Noticed an orb of fire
 77406 | Zot:5    | Noticed an ancient lich
 77436 | Zot:5    | Killed an ancient lich
 77447 | Zot:5    | Noticed an orb of fire
 77463 | Zot:5    | Gained mutation: You are weak. (Str -2) [an orb of fire]
 77467 | Zot:5    | Gained mutation: Your body often deteriorates upon taking damage. [an orb of fire]
 77473 | Zot:5    | Killed an orb of fire
 77484 | Zot:5    | Lost mutation: Scrolls take you longer to read. [potion of mutation]
 77484 | Zot:5    | Lost mutation: You do not regenerate when monsters are visible. [potion of mutation]
 77484 | Zot:5    | Lost mutation: Your movements are slightly less encumbered by armour. (ER -2) [potion of mutation]
 77484 | Zot:5    | Lost mutation: You are weak. (Str -2) [potion of mutation]
 77484 | Zot:5    | Gained mutation: Scrolls take you longer to read. [potion of mutation]
 77484 | Zot:5    | Gained mutation: You are agile. (Dex +2) [potion of mutation]
 77484 | Zot:5    | Lost mutation: Scrolls take you longer to read. [potion of mutation]
 77484 | Zot:5    | Gained mutation: You have large cloven feet. [potion of mutation]
 77485 | Zot:5    | Lost mutation: You are agile. (Dex +2) [potion of mutation]
 77485 | Zot:5    | Lost mutation: Scrolls take you a little longer to read. [potion of mutation]
 77485 | Zot:5    | Lost mutation: You occasionally shout uncontrollably at your foes. [potion of mutation]
 77485 | Zot:5    | Lost mutation: You have large cloven feet. [potion of mutation]
 77485 | Zot:5    | Gained mutation: You are partially covered in icy blue scales. (AC +2) [potion of mutation]
 77519 | Zot:5    | Lost mutation: You are robust. (+10% HP) [an orb of fire]
 77527 | Zot:5    | Killed an orb of fire
 77710 | Zot:5    | Gained mutation: Your mind is acute. (Int +2) [evolution]
 78173 | Zot:5    | Noticed an ancient lich
 78183 | Zot:5    | Killed an ancient lich
 78730 | Depths:5 | Voluntarily entered the Abyss.
 78743 | Abyss:2  | Found a corrupted altar of Lugonu.
 79115 | Abyss:3  | Found a corrupted altar of Lugonu.
 79238 | Abyss:3  | Got an abyssal rune of Zot
 79385 | Depths:5 | Escaped the Abyss
 79801 | Zot:5    | Got the Orb of Zot
 80171 | D:13     | Noticed Ferch the pandemonium lord
 80363 | D:7      | Lost mutation: You have a beak for a mouth. [potion of mutation]
 80363 | D:7      | Lost mutation: Your body often deteriorates upon taking damage. [potion of mutation]
 80363 | D:7      | Gained mutation: Your spells are a little easier to cast, but a little less powerful. [potion of mutation]
 80363 | D:7      | Gained mutation: You have large cloven feet. [potion of mutation]
 80363 | D:7      | Gained mutation: You are partially covered in iridescent scales. (AC +2) [potion of mutation]
 80364 | D:7      | Lost mutation: You evolve. [potion of mutation]
 80364 | D:7      | Lost mutation: You have large cloven feet. [potion of mutation]
 80364 | D:7      | Gained mutation: You are partially covered in molten scales. (AC +2) [potion of mutation]
 80364 | D:7      | Gained mutation: You have sharp fingernails. [potion of mutation]
 80365 | D:7      | Lost mutation: Your body sometimes deteriorates upon taking damage. [potion of mutation]
 80365 | D:7      | Lost mutation: You are partially covered in iridescent scales. (AC +2) [potion of mutation]
 80365 | D:7      | Lost mutation: Your spells are a little easier to cast, but a little less powerful. [potion of mutation]
 80365 | D:7      | Gained mutation: Scrolls take you a little longer to read. [potion of mutation]
 80365 | D:7      | Gained mutation: Your muscles are strong. (Str +2) [potion of mutation]
 80365 | D:7      | Gained mutation: You have sharp toenails. [potion of mutation]
 80379 | D:7      | Noticed Vod Reu the pandemonium lord
 80503 | D:$      | Escaped with the Orb!

Vault maps used:
D:1:      roderic_crossed_star, minmay_tetromino_l4
D:2:      serial_co_window_serial, co_window_cross_1,
          co_window_of_opportunity_a, co_window_corner_a, co_window_corner_a,
          co_window_paths_a, co_window_corner_cb, co_window_paths_c,
          co_window_cross_3, co_window_of_opportunity_c, co_window_2corner,
          co_window_unsneaky_path_b, co_window_paths_c, co_window_4corner_b,
          glass_columns_a, glass_columns_b, glass_columns_b, glass_columns_a,
          glass_columns_a, nicolae_ru_path_of_blood
D:3:      nicolae_overflow_crystal_walls, marbit_many_paths, first_bread,
          uniq_sigmund
D:4:      nicolae_tso_carved_into_rock,
          chequers_temple_overflow_statue_of_worship, kennysheep_mini,
          makhleb_blood_cavern_becter
D:5:      grunt_temple_overflow_forces_of_nature, kennysheep_mini_moat,
          serial_shops, shop_fountains
D:6:      minmay_temple_entry_glass
D:7:      lemuel_doored_altar, grunt_ogre_cave, minmay_strange_pillars, tgw_xom
D:8:      eat_drink_and_be_merry_uskayaw, erik_lair_island
D:9:      david_orc_2
D:10:     minmay_the_grid_3x2, basic_altar, hangedman_decor_peaks_small
D:11:     uniq_erolcha
D:12:     basic_altar
D:13:     david_vaults_1, uniq_sonja
D:14:     lab_entry_generic, nicolae_two_hexagons, minmay_checkerbox
D:15:     gammafunk_enter_depths_forms, basic_altar, minmay_hedge_maze,
          serial_shops, freezing_bzr, door_vault, uniq_rupert
Lair:1:   portal_ice_cave_entry_ice_beasts
Lair:2:   elwin_shoals_entry_rooms, nicolae_spider_entry_non_spiders,
          minivault_29
Lair:5:   cheibrodos_lair_reptile_den, uniq_urug
Lair:6:   cheibrodos_lair_end_hotspot, minmay_slime_entry_pillars, special_room,
          eino_house_with_fridge
Shoals:1: serial_shops, shop, nicolae_shoals_water_elemental_grotto
Shoals:2: yaktaur_hedge
Shoals:3: cheibrodos_shoals_oceanic_diplomacy, nicolae_shoals_undead_eyrie
Shoals:4: shoals_end_simple, shoals_ilsuiw_alternative, serial_shops,
          shop_fountains, overgrown_hall
Spider:3: uniq_jorgrun
Spider:4: grunt_spider_rune_circles
Slime:2:  nicolae_slime_round_cave, uniq_dissolution
Slime:3:  basic_altar, nicolae_slime_phagocytosis
Slime:4:  cheibrodos_slime_lost_civilization_1
Orc:1:    roderic_batcave
Orc:2:    kennysheep_orc_mage_school, serial_shops, shop
Elf:1:    cheibrodos_salmonella, serial_shops, shop, orc_legates,
          serial_sigils_hangedman_snap
Elf:2:    tgw_sif, uniq_donald
Elf:3:    minmay_elf_hall_curves, serial_shops, shop, special_room, uniq_aizul
Vaults:1: v_alt_pattern_4, v_misc_13, nicolae_vaults_statue_guard,
          nicolae_vaults_theta, nicolae_vaults_little_squares_3, v_misc_23,
          v_misc_8, vaults_room_corners, ontoclasm_vaults_decontamination,
          vaults_room_grunt_arrival_ludios, vaults_dpeg_doors,
          dpeg_vaults_monster_box
Vaults:2: minmay_crypt_entry_skeletal_spiral, vaults_dpeg_hooks,
          nicolae_vaults_rhombus_7, ontoclasm_vaults_chip, v_pattern_2,
          vaults_dpeg_diagonal, nicolae_vaults_rhombus_5,
          nicolae_vaults_rhombus_5, nicolae_vaults_little_squares_2,
          serial_shops, nicolae_shop_behind_doors
Vaults:3: nicolae_vaults_stairing_the_circle, nicolae_vaults_big_ls,
          hangedman_vaults_trim, nicolae_vaults_network_s,
          nicolae_vaults_yaktaur_gun_rack, ontoclasm_vaults_hangar, v_rooms_3,
          vaults_room_fancy_cross, vaults_dpeg_cross
Vaults:4: hangedman_vaults_cutoff, nicolae_vaults_network_barrier, v_pattern_4,
          hangedman_vaults_corner_blocks, grunt_vaults_funneled_arena,
          nicolae_vaults_sealed_display, ontoclasm_vaults_tryst,
          hangedman_vaults_unwind, nicolae_vaults_border_crossing,
          vaults_room_hallway, serial_shops, shop, uniq_frederick,
          uniq_bai_suzhen, uniq_jory
Vaults:5: uniq_mennas
Crypt:1:  columned_hall_lemuel, grunt_crypt_arrival_split, grunt_megastairs_2
Crypt:2:  corexii_hall_statues_deadend, weyrava_lich_vault
Crypt:3:  grunt_crypt_end_deaths_head, uniq_margery
Depths:1: kennysheep_another_room, serial_shops, nicolae_shop_waterfront,
          grunt_hell_entry_dis_grunt, kennysheep_generic_room_10
Depths:2: kennysheep_water_balloons, enter_ziggurat_a, rand_demon_pan_entry_7,
          abyss_entry, hell_entry, minmay_misc_feat_x,
          minmay_misc_feat_secret_circle
Depths:3: kennysheep_gozag_temple, corexii_corridor_pit, pan_entry, hellmouth_1,
          infiniplex_staircase_zigzag_4
Depths:4: evilmike_makhleb_hellhole, kennysheep_path_1,
          nicolae_abyss_entry_one_way_or_another, pf_coc_iceberg,
          kennysheep_generic_room_13
Depths:5: grunt_zot_entry_funnels, abyss_entry, hell_entry, nrook_mini_vaults,
          grunt_megastairs_3
Zot:2:    kennysheep_ambush_hall, grunt_ministairs_11,
          hangedman_zot_decor_tridents, basic_stair_grate_trap
Zot:3:    nicolae_transmutations_shop
Zot:4:    nicolae_moth_party, st_stairs_3
Abyss:2:  evilmike_abyss_exit_9, evilmike_abyss_exit_vortex
Abyss:3:  due_exit_kobolds, grunt_abyss_rune_wretched_hive
Lab:      nicolae_lab_dead_adventurers, labyrinth_glass_1, lab_block,
          nicolae_lab_hexagon, nicolae_lab_stuck
Bazaar:   bazaar_mystics
IceCv:    ice_cave_statue_garden_chambered

Skill      XL: |  1  2  3  4  5  6  7  8  9 10 11 12 13 14 15 16 17 18 19 20 21 22 23 24 25 26 27 |
---------------+----------------------------------------------------------------------------------+-----
Maces & Flails | 3 4 5 6 7 8 9 10 11 12 14 | 14.0
Invocations    | 3 4 5 6 8 10 12 14 15 16 17 18 19 20 21 22 26 | 26.7
Fighting       | 4 5 7 8 9 10 11 12 15 17 18 20 21 25 | 25.0
Armour         | 3 4 5 7 8 9 10 12 14 15 16 18 19 21 | 21.0
Shields        | 5 9 12 15 16 | 16.0
Dodging        | 1 4 5 6 8 10 12 13 | 13.0
Axes           | 7 12 14 16 17 18 | 18.5
Evocations     | 22 | 22.6

Action                   |  1- 3 |  4- 6 |  7- 9 | 10-12 | 13-15 | 16-18 | 19-21 | 22-24 | 25-27 || total
-------------------------+-------+-------+-------+-------+-------+-------+-------+-------+-------++-------
Melee: Mace              |    88 |    60 |       |       |       |       |       |       |       ||   148
       Flail             |       |   175 |   481 |   949 |  1879 |       |       |       |       ||  3484
       Lajatang          |       |       |       |       |    32 |       |       |       |       ||    32
       Battleaxe         |       |       |       |       |   456 |  1649 |  1657 |  1506 |  3866 ||  9134
       Dire flail        |       |       |       |       |    45 |       |       |       |       ||    45
       Peck              |       |       |       |       |       |       |       |       |   452 ||   452
 Fire: Shortbow          |       |       |     4 |    82 |       |       |       |       |       ||    86
       Hand crossbow     |       |       |       |     7 |     7 |       |       |       |       ||    14
Throw: Stone             |    18 |       |     8 |       |       |       |       |       |       ||    26
Invok: Banish            |       |     1 |     2 |    22 |    14 |     9 |     5 |       |       ||    53
       Bend Space        |       |       |     1 |     1 |       |     8 |       |       |       ||    10
       Depart the Abyss  |       |       |       |       |       |       |     1 |       |       ||     1
       Corrupt           |       |       |       |       |       |       |     1 |       |       ||     1
       Enter the Abyss   |       |       |       |       |       |       |     1 |       |       ||     1
       Brand Weapon With |       |       |       |       |       |       |       |       |     1 ||     1
 Abil: Dig               |       |     4 |     2 |     9 |    17 |     9 |    10 |     2 |    20 ||    73
       Shaft Self        |       |       |       |     3 |       |       |       |       |       ||     3
Evoke: Wand              |       |       |       |       |     8 |    19 |       |       |     1 ||    28
       Sack of spiders   |       |       |       |       |       |       |       |       |     8 ||     8
       Box of beasts     |       |       |       |       |       |       |       |       |     1 ||     1
  Use: Scroll            |       |     4 |     6 |     7 |    13 |    15 |     5 |     6 |    24 ||    80
       Potion            |       |     4 |       |     6 |     3 |     8 |     6 |     3 |    13 ||    43
 Stab: Invisible         |       |       |       |       |    11 |    10 |     6 |       |       ||    27
       Petrifying        |       |       |       |       |     2 |       |       |       |       ||     2
       Petrified         |       |       |       |       |     1 |       |       |       |       ||     1
       Distracted        |       |       |       |       |       |       |     2 |       |     6 ||     8
       Held in net/web   |       |       |       |       |       |       |       |       |     1 ||     1
  Eat: Chunk             |     1 |    10 |    14 |    32 |    49 |    35 |    31 |    25 |    35 ||   232
       Royal jelly       |       |     1 |       |     4 |     1 |     3 |     1 |       |    22 ||    32
       Fruit             |       |       |     4 |     1 |       |     1 |     1 |       |     5 ||    12
       Bread ration      |       |       |       |       |     1 |       |       |       |     5 ||     6
Armor: Leather armour    |    20 |    24 |       |       |       |       |       |       |       ||    44
       Chain mail        |       |   115 |     6 |       |       |       |       |       |       ||   121
       Plate armour      |       |       |   271 |   371 |   602 |   424 |       |   144 |  1310 ||  3122
       Crystal plate arm |       |       |       |       |       |   265 |   772 |   299 |       ||  1336
Dodge: Dodged            |    54 |   119 |   109 |   253 |   755 |   604 |   436 |   285 |  1048 ||  3663
Block: Shield            |       |       |    76 |   470 |   790 |       |       |       |       ||  1336
       Large shield      |       |       |       |       |   540 |  1952 |  1397 |  1205 |  3127 ||  8221
       Buckler           |       |       |       |       |       |       |    24 |       |       ||    24
       Reflection        |       |       |       |       |       |       |     7 |       |       ||     7

Table legend:
 A = Spawn XP
 B = Non-spawn XP
 C = Spawn XP percentage of total XP
 D = Spawn monster count
 E = Non-spawn monster count
 F = Spawn count percentage of total count
 G = Total turns spent on level
                    A         B        C        D         E        F      G
               +---------+---------+-------+---------+---------+-------+---------
         Total |   17619 | 1903676 |   0.9 |      32 |    2905 |   1.1 | 80503
               +---------+---------+-------+---------+---------+-------+---------
           D:1 |       0 |      46 |   0.0 |       0 |      24 |   0.0 |  1099
           D:2 |       0 |      79 |   0.0 |       0 |      25 |   0.0 |  2057
           D:3 |       0 |     348 |   0.0 |       0 |      41 |   0.0 |  1413
           D:4 |       0 |     266 |   0.0 |       0 |      13 |   0.0 |   994
           D:5 |       0 |     731 |   0.0 |       0 |      19 |   0.0 |  1348
           D:6 |       0 |     620 |   0.0 |       0 |      18 |   0.0 |  1275
           D:7 |       0 |    1402 |   0.0 |       0 |      20 |   0.0 |  1384
           D:8 |       0 |    3115 |   0.0 |       0 |      33 |   0.0 |  2149
           D:9 |       0 |    3483 |   0.0 |       0 |      56 |   0.0 |  2225
          D:10 |       0 |    5118 |   0.0 |       0 |      37 |   0.0 |  2650
          D:11 |       0 |    5877 |   0.0 |       0 |      30 |   0.0 |  1544
          D:12 |       0 |    7502 |   0.0 |       0 |      36 |   0.0 |  1488
          D:13 |       0 |   12053 |   0.0 |       0 |      36 |   0.0 |  1004
          D:14 |       0 |   11263 |   0.0 |       0 |      39 |   0.0 |  1294
          D:15 |       0 |   28821 |   0.0 |       0 |      49 |   0.0 |  1743
        Lair:1 |       0 |    5185 |   0.0 |       0 |      20 |   0.0 |  1117
        Lair:2 |       0 |   13976 |   0.0 |       0 |      74 |   0.0 |  2120
        Lair:3 |       0 |    4631 |   0.0 |       0 |      26 |   0.0 |  1167
        Lair:4 |       0 |    4791 |   0.0 |       0 |      22 |   0.0 |  1409
        Lair:5 |       0 |    7201 |   0.0 |       0 |      25 |   0.0 |  1279
        Lair:6 |       0 |   20752 |   0.0 |       0 |      91 |   0.0 |  2919
      Shoals:1 |       0 |   18570 |   0.0 |       0 |      43 |   0.0 |  1382
      Shoals:2 |       0 |   12401 |   0.0 |       0 |      25 |   0.0 |  1072
      Shoals:3 |       0 |   23509 |   0.0 |       0 |      49 |   0.0 |  1493
      Shoals:4 |       0 |   35713 |   0.0 |       0 |      60 |   0.0 |  1324
      Spider:1 |       0 |   17902 |   0.0 |       0 |      58 |   0.0 |   955
      Spider:2 |       0 |   16200 |   0.0 |       0 |      44 |   0.0 |   982
      Spider:3 |       0 |   18697 |   0.0 |       0 |      50 |   0.0 |   880
      Spider:4 |       0 |   39407 |   0.0 |       0 |      91 |   0.0 |  1097
       Slime:1 |       0 |    9975 |   0.0 |       0 |      16 |   0.0 |    53
       Slime:2 |       0 |    5180 |   0.0 |       0 |       8 |   0.0 |   141
       Slime:3 |       0 |    3156 |   0.0 |       0 |      12 |   0.0 |   175
       Slime:4 |       0 |   11455 |   0.0 |       0 |      25 |   0.0 |    99
       Slime:5 |       0 |   35589 |   0.0 |       0 |      25 |   0.0 |   391
         Orc:1 |       0 |    6091 |   0.0 |       0 |      54 |   0.0 |  1354
         Orc:2 |       0 |   10745 |   0.0 |       0 |      63 |   0.0 |  1583
         Elf:1 |       0 |   41948 |   0.0 |       0 |      85 |   0.0 |  1854
         Elf:2 |       0 |   21247 |   0.0 |       0 |      32 |   0.0 |  1205
         Elf:3 |       0 |   68859 |   0.0 |       0 |      76 |   0.0 |  2477
      Vaults:1 |       0 |   49378 |   0.0 |       0 |      81 |   0.0 |  1627
      Vaults:2 |       0 |   49415 |   0.0 |       0 |      77 |   0.0 |  1878
      Vaults:3 |       0 |   84088 |   0.0 |       0 |     122 |   0.0 |  1592
      Vaults:4 |       0 |  112564 |   0.0 |       0 |     119 |   0.0 |  2094
      Vaults:5 |       0 |  132629 |   0.0 |       0 |      86 |   0.0 |  1539
       Crypt:1 |       0 |   36679 |   0.0 |       0 |      55 |   0.0 |  1232
       Crypt:2 |       0 |   36528 |   0.0 |       0 |      41 |   0.0 |  1174
       Crypt:3 |       0 |   72508 |   0.0 |       0 |     126 |   0.0 |  1575
      Depths:1 |       0 |   55755 |   0.0 |       0 |      82 |   0.0 |  1061
      Depths:2 |       0 |   47587 |   0.0 |       0 |      49 |   0.0 |  1283
      Depths:3 |       0 |   69513 |   0.0 |       0 |      84 |   0.0 |  1398
      Depths:4 |       0 |   78130 |   0.0 |       0 |      89 |   0.0 |  1564
      Depths:5 |       0 |   76390 |   0.0 |       0 |      72 |   0.0 |  1526
         Zot:1 |       0 |   52628 |   0.0 |       0 |      28 |   0.0 |  1001
         Zot:2 |       0 |   75806 |   0.0 |       0 |      40 |   0.0 |   985
         Zot:3 |       0 |   59673 |   0.0 |       0 |      30 |   0.0 |  1208
         Zot:4 |       0 |   73504 |   0.0 |       0 |      50 |   0.0 |  1261
         Zot:5 |       0 |  184437 |   0.0 |       0 |      50 |   0.0 |  2791
       Abyss:1 |    2293 |    1395 |  62.2 |       2 |       3 |  40.0 |   222
       Abyss:2 |    4206 |    7095 |  37.2 |      16 |      28 |  36.4 |   372
       Abyss:3 |   11120 |   11980 |  48.1 |      14 |      35 |  28.6 |   270
           Lab |       0 |    1078 |   0.0 |       0 |       1 |   0.0 |   156
         IceCv |       0 |    1012 |   0.0 |       0 |       7 |   0.0 |   412
               +---------+---------+-------+---------+---------+-------+---------
